 Dungeon Sprint DCSS version 0.27-a0-1331-g60ef6b6952 (webtiles) character file.

Game seed: 7517023593424255979

103 Conn the Covert (level 4, -1/39 HPs)
             Began as a Gnoll Brigand on June 25, 2021.
             Killed from afar by Sigmund (10 damage)
             ... with a puff of flame
             ... in the Dungeon (Sprint I: "Red Sonja").
             The game lasted 00:03:36 (135 turns).

Conn the Covert (Gnoll Brigand)                      Turns: 135, Time: 00:03:37

Health: -1/39      AC:  3    Str: 10    XL:     4   Next: 79%
Magic:  8/8        EV: 13    Int: 12    God:
Gold:   108        SH:  0    Dex: 13    Spells: 9/9 levels left

rFire    . . .     SeeInvis .   a - +2 dagger
rCold    . . .     Faith    .   (no shield)
rNeg     . . .     Spirit   .   b - +0 robe
rPois    .         Reflect  .   (no helmet)
rElec    .         Harm     .   c - +0 cloak
rCorr    .         Rampage  .   (no gloves)
Will     .....     NoTele   +   (no boots)
Stlth    ++++......             (no amulet)
HPRegen  0.13/turn              (no ring)
MPRegen  0.11/turn              (no ring)

@: no status effects
A: fangs 1, strong nose, distributed training
a: no special abilities


You were in the Dungeon.
You visited 1 branch You collected 108 gold pieces.

Inventory:

Hand Weapons
 a - a +2 dagger (weapon)
Missiles
 d - 2 poisoned darts (quivered)
 e - a curare-tipped dart
Armour
 b - a +0 robe (worn)
 c - a +0 cloak (worn)
Wands
 l - a wand of digging (3)
Scrolls
 k - a scroll of blinking
Potions
 f - a potion of curing
 g - a potion of heal wounds
 h - a potion of haste
 i - 2 potions of magic
 j - a potion of berserk rage


   Skills:
 + Level 5.5 Fighting
 + Level 5.5 Short Blades
 + Level 3.0 Long Blades
 + Level 3.0 Axes
 + Level 3.0 Maces & Flails
 + Level 3.0 Polearms
 + Level 3.0 Staves
 + Level 3.0 Slings
 + Level 3.0 Bows
 + Level 3.0 Crossbows
 + Level 5.5 Throwing
 + Level 3.0 Armour
 + Level 4.0 Dodging
 + Level 8.4 Stealth
 + Level 3.0 Shields
 + Level 3.0 Unarmed Combat
 + Level 3.0 Spellcasting
 + Level 2.4 Conjurations
 + Level 2.4 Hexes
 + Level 2.4 Summonings
 + Level 2.4 Necromancy
 + Level 2.4 Translocations
 + Level 2.4 Transmutations
 + Level 2.4 Fire Magic
 + Level 2.4 Ice Magic
 + Level 2.4 Air Magic
 + Level 2.4 Earth Magic
 + Level 2.4 Poison Magic
 + Level 3.2 Invocations
 + Level 3.0 Evocations


You had 9 spell levels left.
You didn't know any spells.
Your spell library was empty.

Dungeon Overview and Level Annotations

Branches:
Dungeon (1/1)

Altars:

Annotations:
D Sigmund


Innate Abilities, Weirdness & Mutations

You have very sharp teeth.
Your uncanny sense of smell can sniff out nearby items.
Your experience applies equally to all skills.


Message History

Sigmund is moderately wounded.
Throw: 7 darts (poison)
Press: ? - help, Q - select action, (/) - cycle Shift-Dir - straight line, f/p - Sigmund
Aim: Sigmund, wielding a +0 scythe, wearing a +0 robe and carrying a wand of flame (13) (moderately wounded, very poisoned, slow, 58% to hit)
You throw a poisoned dart. The poisoned dart hits Sigmund.
Sigmund looks as sick as possible!
Sigmund is moderately wounded.
Sigmund zaps a wand.
The puff of flame hits you!
Throw: 6 darts (poison)
Press: ? - help, Q - select action, (/) - cycle Shift-Dir - straight line, f/p - Sigmund
Aim: Sigmund, wielding a +0 scythe, wearing a +0 robe and carrying a wand of flame (12) (moderately wounded, extremely poisoned, slow, 58% to hit)
You throw a poisoned dart. The poisoned dart hits Sigmund.
Sigmund looks as sick as possible!
Sigmund is moderately wounded.
Sigmund zaps a wand.
The puff of flame hits you!
There is an open door here.
Sigmund says, "I'm your fate."
Sigmund gestures wildly while chanting.
Sigmund flickers and vanishes!
Deactivating autopickup; reactivate with Ctrl-A.
You close the door.
There is a fountain of clear blue water here.
Something unseen opens the door.
There is a fountain of clear blue water here.
Throw: 5 darts (poison)
Press: ? - help, Q - select action, (/) - cycle Shift-Dir - straight line You throw a poisoned dart.
Throw: 4 darts (poison)
Press: ? - help, Q - select action, (/) - cycle Shift-Dir - straight line You throw a poisoned dart.
A puff of flame appears from out of thin air!
The puff of flame hits you.
* * * LOW HITPOINT WARNING * * *
Okay, then.
Throw: 3 darts (poison)
Press: ? - help, Q - select action, (/) - cycle Shift-Dir - straight line You throw a poisoned dart.
A puff of flame appears from out of thin air!
The puff of flame hits you!
You die...

#<.#.)'.{#.(+∆∆
#..(.)#..'..#∆∆
#..#####'####
#{.# #..#∆∆∆ ∆
#..# ####∆∆ ∆
#..# #§§# #.##
#.@# ∆ #### ∆ ∆
∆


There were no monsters in sight!

Vanquished Creatures
  An ogre (D)
  Ijyb (D)
2 creatures vanquished.

Notes
Turn   | Place    | Note
-------+----------+-------------------------------------------
     0 | D        | Conn the Gnoll Brigand began the quest for the Orb.
     0 | D        | Reached XP level 1. HP: 20/20 MP: 1/1
     1 | D        | Noticed Ijyb
    15 | D        | Killed Ijyb
    16 | D        | Reached skill level 1 in Long Blades
    16 | D        | Reached skill level 1 in Axes
    16 | D        | Reached skill level 1 in Maces & Flails
    16 | D        | Reached skill level 1 in Polearms
    16 | D        | Reached skill level 1 in Staves
    16 | D        | Reached skill level 1 in Slings
    16 | D        | Reached skill level 1 in Bows
    16 | D        | Reached skill level 1 in Crossbows
    16 | D        | Reached skill level 1 in Armour
    16 | D        | Reached skill level 8 in Stealth
    16 | D        | Reached skill level 1 in Shields
    16 | D        | Reached skill level 1 in Unarmed Combat
    16 | D        | Reached skill level 1 in Spellcasting
    16 | D        | Reached skill level 1 in Conjurations
    16 | D        | Reached skill level 1 in Hexes
    16 | D        | Reached skill level 1 in Summonings
    16 | D        | Reached skill level 1 in Necromancy
    16 | D        | Reached skill level 1 in Translocations
    16 | D        | Reached skill level 1 in Transmutations
    16 | D        | Reached skill level 1 in Fire Magic
    16 | D        | Reached skill level 1 in Ice Magic
    16 | D        | Reached skill level 1 in Air Magic
    16 | D        | Reached skill level 1 in Earth Magic
    16 | D        | Reached skill level 1 in Poison Magic
    16 | D        | Reached skill level 1 in Invocations
    16 | D        | Reached skill level 1 in Evocations
    16 | D        | Reached XP level 2. HP: 20/26 MP: 1/4
    16 | D        | Reached XP level 3. HP: 25/32 MP: 1/5
    84 | D        | Noticed an ogre
    91 | D        | Killed an ogre
    92 | D        | Reached skill level 5 in Fighting
    92 | D        | Reached skill level 5 in Short Blades
    92 | D        | Reached skill level 5 in Throwing
    92 | D        | Reached XP level 4. HP: 39/39 MP: 5/8
   110 | D        | Noticed Sigmund
   135 | D        | Killed from afar by Sigmund

Illustrated notes

Levels and vault maps discovered:
D:        dungeon_sprint_1 [red_sonja_temple_1, red_sonja_temple_small_1]

Skill      XL: |  1  2  3 |
---------------+----------+-----
Long Blades    | 1 3 |  3.0
Axes           | 1 3 |  3.0
Maces & Flails | 1 3 |  3.0
Polearms       | 1 3 |  3.0
Staves         | 1 3 |  3.0
Slings         | 1 3 |  3.0
Bows           | 1 3 |  3.0
Crossbows      | 1 3 |  3.0
Armour         | 1 3 |  3.0
Dodging        | 3 4 |  4.0
Stealth        | 8 |  8.4
Shields        | 1 3 |  3.0
Unarmed Combat | 1 3 |  3.0
Spellcasting   | 1 3 |  3.0
Conjurations   | 1 2 |  2.4
Hexes          | 1 2 |  2.4
Summonings     | 1 2 |  2.4
Necromancy     | 1 2 |  2.4
Translocations | 1 2 |  2.4
Transmutations | 1 2 |  2.4
Fire Magic     | 1 2 |  2.4
Ice Magic      | 1 2 |  2.4
Air Magic      | 1 2 |  2.4
Earth Magic    | 1 2 |  2.4
Poison Magic   | 1 2 |  2.4
Invocations    | 1 3 |  3.2
Evocations     | 1 3 |  3.0
Fighting       | 5 |  5.5
Short Blades   | 5 |  5.5
Throwing       | 5 |  5.5

Action                   |  1- 3 |  4- 6 || total
-------------------------+-------+-------++-------
Melee: Dagger            |    11 |       ||    11
       Bite              |     1 |       ||     1
Throw: Dart              |     4 |     7 ||    11
Evoke: Wand              |     1 |       ||     1
Dodge: Dodged            |     3 |       ||     3

Table legend: (Time is in decaauts)
 A = Elapsed time spent in this place.
 B = Non-inter-level travel time spent in this place.
 C = Inter-level travel time spent in this place.
 D = Time resting spent in this place.
 E = Time spent auto-exploring this place.
 F = Levels seen in this place.
 G = Mean time per level.
                   A        B        C        D        E       F      G
               +--------+--------+--------+--------+--------+-----+--------+
         Total |    129 |    129 |      0 |     44 |      0 |   1 |  129.0 |
       Dungeon |    129 |    129 |      0 |     44 |      0 |   1 |  129.0 |
               +--------+--------+--------+--------+--------+-----+--------+

Top non-repeatable levels by time:
       D: 129 daAuts
